 Dungeon Crawl Stone Soup version 0.28-a0-175-gb2089b6bb7 (webtiles) character file.

Game seed: 10774023179241789139

55 Nattfarinn the Grave Robber (level 3, -3/28 HPs)
             Began as a Deep Dwarf Necromancer on Aug 17, 2021.
             Slain by Natasha (7 damage)
             ... on level 2 of the Dungeon.
             The game lasted 00:02:33 (1366 turns).

Nattfarinn the Grave Robber (DDNe)                  Turns: 1366, Time: 00:02:34

Health: -3/28      AC:  2    Str: 11    XL:     3   Next: 67%
Magic:  0/6        EV: 12    Int: 16    God:
Gold:   33         SH:  0    Dex: 13    Spells: 5/6 levels left

rFire   . . .      SeeInvis .   g - +1 whip (vamp)
rCold   . . .      Faith    .   (no shield)
rNeg    . . .      Spirit   .   a - +0 robe
rPois   .          Reflect  .   (no helmet)
rElec   .          Harm     .   (no cloak)
rCorr   .          Rampage  .   (no gloves)
Will    .....                   (no boots)
Stlth   ++........              (no amulet)
HPRegen 0.00/turn               (no ring)
MPRegen 0.10/turn               (no ring)

@: no status effects
A: damage resistance, heal wounds, sense surroundings 1, no regeneration
a: Heal Wounds


You were on level 2 of the Dungeon.
You visited 1 branch of the dungeon, and saw 2 of its levels.

You collected 33 gold pieces.

Inventory:

Hand Weapons
 g - a +1 vampiric whip (weapon)
Armour
 a - a +0 robe (worn)
Scrolls
 b - 2 scrolls of enchant armour
 c - a scroll of identify
Potions
 d - a potion of resistance {unknown}
 f - a potion of flight {unknown}


   Skills:
 - Level 2.1 Dodging
 - Level 2.4 Stealth
 + Level 2.4 Spellcasting
 * Level 5.5 Necromancy


You had 5 spell levels left.
You knew the following spells:

 Your Spells              Type           Power      Damage    Failure   Level
a - Pain                  Necr           76%        1d7       1%          1

Your spell library contained the following spells:

 Spells                   Type           Power      Damage    Failure   Level
 Animate Skeleton         Necr           38%        N/A       1%          1
 Vampiric Draining        Necr           9%         2d7       6%          3
 Magic Dart               Conj           4%         1d3       21%         1
 Animate Dead             Necr           9%         N/A       21%         4
 Call Imp                 Summ           1%         N/A       30%         2
 Agony                    Necr           19%        N/A       50%         5
 Mephitic Cloud           Conj/Pois/Air  1%         N/A       52%         3


Dungeon Overview and Level Annotations

Branches:
Dungeon (2/15)

Altars:

Shops:
D:1 (   D:2 [

Annotations:
D:2 Natasha


Innate Abilities, Weirdness & Mutations

You are resistant to damage.
You can heal yourself by infusing magical energy.
You passively map a small area around you.
You do not regenerate.


Message History

Unknown command.
Casting: Pain (safe; 1% risk of failure)
Confirm with . or Enter, or press ? or * to list all spells.
Aiming: Pain (safe; 1% risk of failure)
Press: ? - help, Shift-Dir - straight line, f/p - Natasha
Aim: Natasha (heavily wounded, chance to affect: 78%) Natasha barely resists.
The crimson imp blinks!
Natasha casts a spell at you. The magic dart hits you.
Casting: Pain (safe; 1% risk of failure)
Confirm with . or Enter, or press ? or * to list all spells.
Aiming: Pain (safe; 1% risk of failure)
Press: ? - help, Shift-Dir - straight line, f/p - Natasha
Aim: Natasha (heavily wounded, chance to affect: 78%) Natasha writhes in agony.
Natasha claws you!
* * * LOW HITPOINT WARNING * * *
Casting: Pain (safe; 1% risk of failure)
Confirm with . or Enter, or press ? or * to list all spells.
Aiming: Pain (safe; 1% risk of failure)
Press: ? - help, Shift-Dir - straight line, f/p - Natasha
Aim: Natasha (severely wounded, chance to affect: 78%) Natasha writhes in agony.
Natasha closely misses you.
You hit Natasha.
You feel better.
Natasha is almost dead.
The crimson imp disappears for a moment.
Natasha claws you.
* * * LOW HITPOINT WARNING * * *
You barely miss Natasha.
Natasha is almost dead.
The crimson imp blinks!
Natasha completely misses you.
You hit Natasha but do no damage.
Natasha is almost dead.
The crimson imp blinks!
Natasha claws you but does no damage.
Casting: Pain (safe; 1% risk of failure)
Confirm with . or Enter, or press ? or * to list all spells.
Aiming: Pain (safe; 1% risk of failure)
Press: ? - help, Shift-Dir - straight line, f/p - Natasha
Aim: Natasha (almost dead, chance to affect: 78%) Natasha barely resists.
Natasha claws you!
You die...

...##......≈≈#.# ** *
..####......≈#.# .#⌠#
#.....≈#.# * * ####
####..'.######
###########..'......# ,
.#⌠##⌠#.....≈#†.....###.
..####....[.≈#..........
...##......≈≈#......####
...##.....≈≈###.@...#
...##....≈≈## ###h### ,
...##...≈≈## .#
≈......≈≈## *.# *
≈≈≈..≈≈≈## *.# ###++####
* * *.. ,,, * , ,* .# ,
** ,* .# , ,


You could see Natasha.

Vanquished Creatures
  Jessica (D:2)
  2 dart slugs (D:1)
  3 ball pythons (D:1)
  2 endoplasms (D:1)
  A giant cockroach (D:1)
  A goblin (D:1)
  2 hobgoblins
  6 kobolds
  2 bats
  2 frilled lizards (D:1)
  3 rats (D:1)
25 creatures vanquished.

Vanquished Creatures (others)
  81 plants (D:1)
81 creatures vanquished.

Grand Total: 106 creatures vanquished

Notes
Turn   | Place    | Note
-------+----------+-------------------------------------------
     0 | D:1      | Nattfarinn the Deep Dwarf Necromancer began the quest for
                  | the Orb.
     0 | D:1      | Reached XP level 1. HP: 15/15 MP: 3/3
   203 | D:1      | Reached XP level 2. HP: 22/22 MP: 3/5
   242 | D:1      | Found Goluotua's Weapon Emporium.
   452 | D:1      | Reached skill level 5 in Necromancy
  1065 | D:2      | Noticed Jessica
  1068 | D:2      | Killed Jessica
  1069 | D:2      | Reached XP level 3. HP: 25/28 MP: 2/6
  1128 | D:2      | Found Cutteunu's Antique Armour Shoppe.
  1344 | D:2      | Noticed Natasha
  1366 | D:2      | Slain by Natasha

Illustrated notes

Levels and vault maps discovered:
D:1:      roderic_crop_circles_arrival_small, layout_loops_ring, serial_shops,
          nicolae_shop_statue_plus
D:2:      layout_loops_ring, serial_shops, shop, kennysheep_cross_room,
          uniq_jessica, uniq_natasha

Skill      XL: |  1  2 |
---------------+-------+-----
Spellcasting   | 2 |  2.4
Necromancy     | 5 |  5.5
Dodging        | |  2.1
Stealth        | |  2.4

Action                   || total
-------------------------++-------
Melee: Unarmed           ||    35
       Whip              ||    23
 Cast: Pain              ||    53
  Use: Scroll            ||     2
 Stab: Sleeping          ||     1
Armor: Robe              ||    15
Dodge: Dodged            ||    32

Table legend: (Time is in decaauts)
 A = Elapsed time spent in this place.
 B = Non-inter-level travel time spent in this place.
 C = Inter-level travel time spent in this place.
 D = Time resting spent in this place.
 E = Time spent auto-exploring this place.
 F = Levels seen in this place.
 G = Mean time per level.
                   A        B        C        D        E       F      G
               +--------+--------+--------+--------+--------+-----+--------+
         Total |   1368 |   1331 |     37 |      0 |   1128 |   2 |  684.0 |
       Dungeon |   1368 |   1331 |     37 |      0 |   1128 |   2 |  684.0 |
               +--------+--------+--------+--------+--------+-----+--------+

Top non-repeatable levels by time:
     D:1: 1065 daAuts
     D:2: 303 daAuts
